AoeStats
← BobKanec

Arena

508721697Analyzed
1v1 RM · 8d ago on Sep 23, 2026· 44m 42s· 2 players
Game mode
Random Map
Map size
Tiny (2 player)
Population
200
Speed
Normal
Resources
Standard
Victory
Conquest
Starting age
Dark Age
Ending age
Imperial Age
RankedLock teamsTeams togetherTeam positionsShared explorationLock speedFull tech treeHidden civsTurbo modeCheats
Victory
Defeat
🇨🇿 Mongols · Czechia
923
+15
🇮🇹 Huns · Italy
906
-15
bonum90
2:57 Loom
10:32 Feudal Age
11:04 Double-Bit Axe
10:52 Man-at-Arms
12:50 Horse Collar
19:53 Castle Age
22:52 Gold Mining
26:33 Imperial Age
25:38 Murder Holes
26:08 Ballistics
32:01 Crossbowman
34:58 Pikeman
38:46 Elite Skirmisher
BobKanec
5:05 Loom
10:16 Feudal Age
14:38 Castle Age
12:37 Horse Collar
12:50 Double-Bit Axe
13:15 Horse Collar
17:57 Wheelbarrow
21:02 Bow Saw
20:53 Heavy Plow
22:40 Wheelbarrow
23:41 Fletching
26:27 Town Watch
26:54 Pikeman
28:19 Bodkin Arrow
29:26 Scale Mail Armor
34:35 Imperial Age
32:58 Town Patrol
34:48 Padded Archer Armor
38:24 Ballistics
38:40 Leather Archer Armor
40:53 Chemistry
40:04 Masonry
40:12 Bracer
Connection lost

Rejoining the realm…

Still unreachable

The connection could not be restored.

Session expired

The server has moved on; the page needs a fresh start.